 Dungeon Crawl Stone Soup version 0.23-a0-319-gb40ba49 (webtiles) character file.

88 wazuzu the Magician (level 4, -10/33 HPs)
             Began as a Demigod Wizard on Oct 14, 2018.
             Killed by divine providence
             ... invoked by an orc priest
              (18 damage)
             ... on level 2 of the Dungeon.
             The game lasted 00:04:48 (2875 turns).

wazuzu the Magician (Demigod Wizard)                Turns: 2875, Time: 00:04:49

Health: -10/33     AC:  5    Str: 10    XL:     4   Next: 9%
Magic:  9/11       EV: 12    Int: 24    God:
Gold:   94         SH:  0    Dex: 14    Spells: 8/9 levels left

rFire    . . .     SeeInvis .   m - +0 short sword
rCold    . . .     Gourm    .   (no shield)
rNeg     . . .     Faith    .   u - +0 ring mail
rPois    .         Spirit   .   b - +0 hat
rElec    .         Reflect  .   (no cloak)
rCorr    .         Harm     +   (no gloves)
MR       .....                  (no boots)
Stlth    +.........             r - amulet of harm
HPRegen  0.11/turn              l - +2 ring of evasion
MPRegen  0.12/turn              (no ring)

@: no status effects
A: high mp 1
a: no special abilities


You were on level 2 of the Dungeon.
You were not hungry.

You visited 1 branch of the dungeon, and saw 3 of its levels.

You collected 94 gold pieces.

Inventory:

Hand Weapons
 m - a +0 short sword (weapon)
Missiles
 j - 17 stones (quivered)
Armour
 b - a +0 hat (worn)
 u - a +0 ring mail (worn)
Jewellery
 l - a +2 ring of evasion (left hand)
 r - an amulet of harm (around neck)
Scrolls
 a - a scroll of teleportation {unknown}
 c - a scroll of remove curse {unknown}
 e - 2 scrolls of immolation {unknown}
 f - 3 scrolls of identify {unknown}
 i - 2 scrolls of enchant weapon {unknown}
 q - a scroll of blinking {unknown}
 t - a scroll of amnesia {unknown}
Potions
 g - a potion of haste {unknown}
 h - 2 potions of mutation {unknown}
 k - a potion of agility {unknown}
 n - 2 potions of degeneration {unknown}
 p - 2 potions of curing {unknown}
 s - 2 potions of brilliance {unknown}
Comestibles
 d - 5 rations


   Skills:
 - Level 1.7 Dodging
 - Level 1.7 Stealth
 + Level 3.3 Spellcasting
 * Level 3.1 Conjurations
   Level 0.8 Summonings
   Level 0.8 Translocations


You had 8 spell levels left.
You knew the following spells:

 Your Spells              Type           Power        Failure   Level  Hunger
a - Magic Dart            Conj           ###.         8%          1    None

Your spell library contained the following spells:

 Spells                   Type           Power        Failure   Level  Hunger
 Blink                    Tloc           N/A          28%         2    #......
 Call Imp                 Summ           #.......     28%         2    #......
 Slow                     Hex            #.......     38%         2    #......
 Conjure Flame            Conj/Fire      ##......     41%         3    ###....
 Mephitic Cloud           Conj/Pois/Air  #.......     47%         3    ###....


Dungeon Overview and Level Annotations

Branches:
Dungeon (3/15)


Innate Abilities, Weirdness & Mutations

You have an increased reservoir of magic. (+10% MP)


Message History

The orc priest closely misses you.
Casting: Magic Dart (safe; 8% risk of failure)
Confirm with . or Enter, or press ? or * to list all spells.
Aiming: Magic Dart (safe; 8% risk of failure)
Press: ? - help, Shift-Dir - straight line, f - orc priest
Aim: an orc priest, wielding a hand axe (severely wounded)
The magic dart hits the orc priest.
The orc priest is almost dead.
The orc priest barely misses you.
Casting: Magic Dart (safe; 8% risk of failure)
Confirm with . or Enter, or press ? or * to list all spells.
Aiming: Magic Dart (safe; 8% risk of failure)
Press: ? - help, Shift-Dir - straight line, f/p - orc priest
Aim: an orc priest, wielding a hand axe (almost dead)
The magic dart hits the orc priest.
The orc priest is almost dead.
The orc priest mumbles some strange prayers to Beogh against you.
Beogh smites you!
Ouch! That really hurt!
You die...

#.###........# #.# #.#.####.#
#.# #.#.####+### #.#
#.#.#......# ###### #.#
#.#.#......# #....# #.#
#.#.#......# #....# #.#
#.#.#......# #....#
#.###.#)#....######....#
#.....#@o...............
#######+#'##############
#...........# #...........#
########...........#
###.....##...........####
#####P....P............).'..#
#.....P.PPP..............##.#
#....♣♣P♣♣♣♣.............##.#


You could see an orc priest.

Vanquished Creatures
  2 adders (D:2)
  An ooze (D:1)
  A dart slug (D:1)
  A worm (D:2)
  2 leopard geckos
  2 orcs
  6 giant cockroaches
  4 goblins
  7 hobgoblins
  7 jackals
  A quokka (D:2)
  4 bats
  4 frilled lizards
  4 kobolds
  8 rats
54 creatures vanquished.

Notes
Turn   | Place    | Note
-------+----------+-------------------------------------------
     0 | D:1      | wazuzu the Demigod Wizard began the quest for the Orb.
     0 | D:1      | Reached XP level 1. HP: 14/14 MP: 6/6
     6 | D:1      | Reached skill level 1 in Conjurations
   225 | D:1      | Reached XP level 2. HP: 20/20 MP: 1/8
  1100 | D:1      | Reached XP level 3. HP: 26/26 MP: 5/10
  1280 | D:2      | Found a blossoming altar of Fedhas.
  2695 | D:3      | Reached XP level 4. HP: 33/33 MP: 8/11
  2875 | D:2      | Killed from afar by an orc priest

Vault maps used:
D:1:      psy_arrival_basics
D:2:      fedhas_altar_3, serial_forest, infiniplex_forest_straight_2,
          infiniplex_forest_straight_3, infiniplex_forest_clump_long,
          infiniplex_forest_clump_medium, infiniplex_forest_clump_long,
          infiniplex_forest_lined_3, infiniplex_forest_diagonal,
          infiniplex_forest_clump_double
D:3:      serial_glass, glass_columns_a, glass_columns_c, glass_columns_b,
          glass_columns_b

Skill      XL: |  1  2  3 |
---------------+----------+-----
Conjurations   | 1 2 3 |  3.1
Spellcasting   | 3 |  3.3
Dodging        | |  1.7
Stealth        | |  1.7
Summonings     | |  0.8
Translocations | |  0.8

Action                   |  1- 3 |  4- 6 || total
-------------------------+-------+-------++-------
Melee: Unarmed           |     5 |       ||     5
       Short sword       |     3 |    12 ||    15
 Cast: Magic Dart        |   129 |    16 ||   145
  Eat: Chunk             |     5 |     1 ||     6
Armor: Robe              |     7 |       ||     7
       Ring mail         |       |     2 ||     2
Dodge: Dodged            |    19 |     7 ||    26

Table legend:
 A = Non-vault XP
 B = Vault XP
 C = Vault XP percentage of total XP
 D = Non-vault monster count
 E = Vault monster count
 F = Vault count percentage of total count
                 A         B        C        D         E       F
            +---------+---------+-------+---------+---------+-------
      Total |     127 |       0 |   0.0 |      54 |       0 |   0.0
            +---------+---------+-------+---------+---------+-------
        D:1 |      50 |       0 |   0.0 |      26 |       0 |   0.0
        D:2 |      68 |       0 |   0.0 |      22 |       0 |   0.0
        D:3 |       9 |       0 |   0.0 |       6 |       0 |   0.0
            +---------+---------+-------+---------+---------+-------
